 Dungeon Crawl Stone Soup version 0.23.2-30-g0e89c35649 (webtiles) character file.

Game seed: 12903242093818438218

107 Kobolds4U the Sneak (level 4, 0/25 HPs)
             Began as a Deep Elf Conjurer on June 16, 2019.
             Killed by divine providence
             ... invoked by an orc priest
              (16 damage)
             ... on level 3 of the Dungeon.
             The game lasted 00:05:53 (2888 turns).

Kobolds4U the Sneak (Deep Elf Conjurer)             Turns: 2888, Time: 00:05:53

Health: 0/25       AC:  3    Str:  5    XL:     4   Next: 56%
Magic:  10/10      EV: 13    Int: 20    God:
Gold:   110        SH:  0    Dex: 16    Spells: 3/9 levels left

rFire    . . .     SeeInvis .   a - +0 rapier
rCold    . . .     Gourm    .   (no shield)
rNeg     . . .     Faith    .   n - +0 robe
rPois    .         Spirit   .   (no helmet)
rElec    .         Reflect  .   (no cloak)
rCorr    .         Harm     .   d - +0 pair of gloves
MR       .....                  (no boots)
Stlth    +++.......             (no amulet)
HPRegen  0.08/turn              (no ring)
MPRegen  0.12/turn              (no ring)

@: no status effects
A: no striking features
a: no special abilities


You were on level 3 of the Dungeon.
You were not hungry.

You visited 1 branch of the dungeon, and saw 4 of its levels.

You collected 110 gold pieces.

Inventory:

Hand Weapons
 a - a +0 rapier (weapon)
Armour
 d - a +0 pair of gloves (worn)
 n - a +0 robe (worn)
Scrolls
 f - 5 scrolls of identify {unknown}
 j - 2 scrolls of enchant weapon {unknown}
 k - 3 scrolls of remove curse {unknown}
 l - 2 scrolls of fear {unknown}
 o - a scroll of amnesia {unknown}
 p - a scroll of blinking {unknown}
Potions
 b - 2 potions of cancellation {unknown}
 e - a potion of invisibility {unknown}
 g - a potion of curing {unknown}
 i - a potion of haste {unknown}
 m - a potion of heal wounds {unknown}
 q - a potion of might {unknown}
Comestibles
 c - 6 rations
 h - 5 chunks of flesh


   Skills:
 - Level 1.0 Fighting
 * Level 2.0 Short Blades
 - Level 2.4 Dodging
 + Level 5.1 Stealth
 - Level 3.0 Spellcasting
 - Level 4.3 Conjurations


You had 3 spell levels left.
You knew the following spells:

 Your Spells              Type           Power        Failure   Level  Hunger
a - Magic Dart            Conj           ###.         2%          1    None
b - Searing Ray           Conj           ###...       3%          2    ##.....
c - Dazzling Spray        Conj/Hex       ##....       17%         3    ###....

Your spell library contained the following spells:

 Spells                   Type           Power        Failure   Level  Hunger
 Iskenderun's Mystic Bla  Conj           ###.....     24%         4    ####...
 Force Lance              Conj/Tloc      ##......     50%         4    ####...
 Fulminant Prism          Conj/Hex       ##........   50%         4    ####...


Dungeon Overview and Level Annotations

Branches:
Dungeon (4/15)
 Temple: D:4-7

Altars:
Nemelex Xobeh


Message History

Confirm with . or Enter, or press ? or * to list all spells.
You don't have enough magic to cast that spell.
Unknown command.
The orc priest looks braver for a moment.
The orc priest calls upon Beogh to heal the orc.
The orc's wounds heal themselves!
The orc priest casts a cantrip, but nothing happens.
There is a stone staircase leading down here.
You climb downwards.
There is a stone staircase leading up here.
You start resting.
Some of the chunks of flesh in your inventory have rotted away.
Magic restored.
You climb upwards.
The orc hits you with a +0 hand axe.
There is a stone staircase leading down here.
The orc hits you with a +0 hand axe.
The orc priest invokes the aid of Beogh against you.
Beogh smites you!
Ouch! That really hurt!
You die...

#.. .#... ... ##.._..## ##
### ...# #..##...^^..##..#
#####.# #.##..^^.....##.#
......# #.#..^#####...#.#
......# #.##.'#.#.#'.##.#
#####.# #..###..#..###..# #.#
#......###......# #
#.######..##.....o#.#÷.####..
#...........@.o..o...........
#.##########.....######......
###.### #.....# #..##.$
#.....# ####### #..# .
#.###.#### #... #.# #....#
...## #.###.##.# ###o#
#..÷..##<# #)# ########.# #.#


You could see 2 orc priests and an orc.

Vanquished Creatures
  3 adders
  An ooze (D:3)
  3 worms (D:2)
  4 dart slugs
  4 orcs (D:3)
  A ball python (D:2)
  3 bats
  4 giant cockroaches
  8 goblins
  8 hobgoblins
  2 jackals (D:1)
  A quokka (D:3)
  2 frilled lizards
  4 kobolds
  8 rats
56 creatures vanquished.

Notes
Turn   | Place    | Note
-------+----------+-------------------------------------------
     0 | D:1      | Kobolds4U the Deep Elf Conjurer began the quest for the
                  | Orb.
     0 | D:1      | Reached XP level 1. HP: 10/10 MP: 6/6
   231 | D:1      | Reached skill level 1 in Fighting
   291 | D:1      | Reached XP level 2. HP: 16/16 MP: 4/8
   292 | D:1      | Reached skill level 3 in Stealth
   986 | D:2      | Reached skill level 4 in Stealth
  1028 | D:2      | Learned a level 2 spell: Searing Ray
  1104 | D:2      | Reached XP level 3. HP: 20/20 MP: 5/9
  1570 | D:2      | Learned a level 3 spell: Dazzling Spray
  2178 | D:2      | Reached skill level 1 in Short Blades
  2178 | D:2      | Reached XP level 4. HP: 25/25 MP: 6/10
  2299 | D:3      | Reached skill level 5 in Stealth
  2781 | D:3      | Found a sparkling altar of Nemelex Xobeh.
  2888 | D:3      | Killed from afar by an orc priest

Skill      XL: |  1  2  3  4 |
---------------+-------------+-----
Fighting       | 1 |  1.0
Stealth        | 4 5 |  5.1
Short Blades   | 1 2 |  2.0
Dodging        | |  2.4
Spellcasting   | |  3.0
Conjurations   | |  4.3

Action                   |  1- 3 |  4- 6 || total
-------------------------+-------+-------++-------
Melee: Unarmed           |    19 |       ||    19
       Rapier            |    16 |    29 ||    45
 Cast: Magic Dart        |    77 |    16 ||    93
       Searing Ray       |     3 |     2 ||     5
 Stab: Sleeping          |     5 |     3 ||     8
  Eat: Chunk             |     4 |     2 ||     6
Armor: Robe              |    10 |     4 ||    14
Dodge: Dodged            |    36 |    21 ||    57
